 Dungeon Crawl Stone Soup version 0.31-a0-836-g3ceb0a68c4 (webtiles) character file.

Game seed: 6895591038945048631

70 avis the Scratcher (level 4, 19/19 HPs)
             Began as a Felid Shapeshifter on Sept 27, 2023.
             Got out of the dungeon alive.
             The game lasted 00:10:53 (1634 turns).

avis the Scratcher (Felid Shapeshifter)             Turns: 1634, Time: 00:10:53

Health: 19/19      AC:  1    Str: 12    XL:     4   Next: 3%
Magic:  5/5        EV: 17    Int: 11    God:
Gold:   64         SH:  0    Dex: 15    Spells: 3/3 levels left
                                        Lives:  1   Deaths: 1

rFire   . .          .
                       - Unarmed
rCold   . . .        (shield unavailable)
rNeg    . . .        (body armour unavailable)
rPois   .            (helmet unavailable)
rElec   .            (cloak unavailable)
rCorr   .            (gloves unavailable)
SInv    +            (boots unavailable)
Will    .....        (no amulet)
Stlth   ++           (no ring)
HPRegen 0.23/turn    (no ring)
MPRegen 0.09/turn

%: no passive effects
@: beast-form, quick
A: beast (slay +2), very small, claws 1, fangs 3, see invisible, speed 1, shaggy
fur 1, stealthy paws, no weapons or thrown items, no armour, multi-lived
a: Begin Untransformation


You escaped.
You were a hulking beast.
You visited 1 branch of the dungeon, and saw 2 of its levels.

You collected 64 gold pieces.

Inventory:

Talismans
 b - a beast talisman (active)
 c - a flux talisman
Scrolls
 a - a scroll of amnesia {unknown}
 d - a scroll of poison {unknown}
 e - a scroll of enchant armour {unknown}
 f - 4 scrolls of fog {unknown}
 g - a scroll of butterflies {unknown}
 h - a scroll of teleportation {unknown}
 i - a scroll of identify {unknown}
 k - a scroll of revelation {unknown}
Potions
 j - a potion of heal wounds {unknown}


   Skills:
 - Level 2.0 Fighting
 - Level 3.0 Dodging
 + Level 1.7 Stealth
 * Level 4.0 Unarmed Combat
 - Level 3.5 Shapeshifting


You had 3 spell levels left.
You didn't know any spells.
Your spell library was empty.

Dungeon Overview and Level Annotations

Branches:
Dungeon (2/15)

Altars:


Innate Abilities, Weirdness & Mutations

You are a hulking beast.
Your limbs bulge with bestial killing power. (Slay +2)
You have sharp claws.
You have razor-sharp teeth.
You have supernaturally acute eyesight. (SInv)
You cover ground quickly. (Speed+)
You are covered in fur. (AC +1)
Your paws help you pounce on unaware monsters.
You are incapable of wielding weapons or throwing items.
You cannot wear armour.
You gain extra lives every three experience levels.


Message History

a +0 morningstar; a +0 whip; an orc corpse
There is a large open door here.
You open the large door. 2 orcs come into view.
The orc shouts!
There is a large open door here.
The orc barely misses you.
There is a large open door here.
There is a large open door here.
You scratch the orc.
The orc is lightly wounded.
The orc misses you.
The orc hits you from afar with a +0 trident.
You scratch the orc but do no damage.
The orc is lightly wounded.
The orc misses you.
The orc hits you from afar with a +0 trident!
The orc attacks as it pursues you!
The orc hits you from afar with a +0 trident.
You scratch the orc.
The orc is severely wounded.
The orc closely misses you. The orc barely misses you.
You closely miss the orc. Your bite misses the orc.
The orc is severely wounded.
The orc hits you with a +0 club.
* * * LOW HITPOINT WARNING * * *
The orc hits you from afar with a +0 trident.
You die...
Your shape twists and changes as you die.
You rejoin the land of the living...
A bat comes into view.
There is an escape hatch in the ceiling here.
A mysterious force pulls you upwards. The hatch slams shut behind you.
You see here a +2 mace of holy wrath.
There is an open door here.
A goblin comes into view. It is wielding a +0 club.
There is an open door, spattered with blood here.
The goblin shouts!
There is a staircase leading out of the dungeon here.
You have escaped!

### #........# #.......# ..#
#........# #........
..######........# #......##
.......#........#########.)....#.
..........>......................
#######.........###..............
# #######################..## #
##.........## #..# #
#..♣..h.g♣..# #### #####
##.........## #### ....######
#####'##### #######...
######...######...######...##....
# #..(....................#....
#####..⌠........⌠........⌠..##...
...##.......................##...
....##...######...######...######
....###'## ##>## ##'##


You could see a goblin.

Vanquished Creatures
  An adder (D:2)
  A dart slug (D:1)
  2 orcs (D:2)
  5 bats
  3 endoplasms (D:1)
  2 giant cockroaches (D:2)
  5 goblins (D:1)
  3 hobgoblins
  12 jackals
  2 quokkas (D:1)
  2 ball pythons (D:1)
  5 frilled lizards (D:1)
  3 kobolds
  3 rats
49 creatures vanquished.

Notes
Turn   | Place    | Note
-------+----------+-------------------------------------------
     0 | D:1      | avis the Felid Shapeshifter began the quest for the Orb.
     0 | D:1      | Reached XP level 1. HP: 9/9 MP: 2/2
   267 | D:1      | Reached XP level 2. HP: 13/13 MP: 3/3
   479 | D:1      | Found a faded altar of an unknown god.
   516 | D:1      | Reached skill level 1 in Stealth
   637 | D:1      | Reached XP level 3. HP: 16/16 MP: 4/4
  1357 | D:2      | Reached skill level 4 in Unarmed Combat
  1521 | D:2      | Reached XP level 4. HP: 19/19 MP: 5/5
  1541 | D:2      | Slain by an orc
  1634 | D:$      | Got out of the dungeon alive.

Illustrated notes

Levels and vault maps discovered:
D:1:      minmay_arrival_split_and_join, layout_rooms,
          dreamdust_ecumenical_altar_angels_and_demons, dk_noncrumbling_3,
          wander_ebering_terrifying_dragon_lair
D:2:      layout_basic, hangedman_decor_points, serial_bayou_pond_d, hex_medium,
          minivault_14, wad_orctagon

Skill      XL: |  1  2  3 |
---------------+----------+-----
Fighting       | 2 |  2.0
Dodging        | 3 |  3.0
Stealth        | 1 |  1.7
Unarmed Combat | 4 |  4.0
Shapeshifting  | |  3.5

Action                     |  1- 3 |  4- 6 || total
---------------------------+-------+-------++-------
  Melee: Unarmed           |    86 |     8 ||    94
         Bite              |     8 |       ||     8
    Use: Potion            |     1 |       ||     1
   Stab: Sleeping          |     2 |       ||     2
 Armour: Skin              |    31 |     5 ||    36
  Dodge: Dodged            |    59 |     7 ||    66

Table legend: (Time is in decaauts)
 A = Elapsed time spent in this place.
 B = Non-inter-level travel time spent in this place.
 C = Inter-level travel time spent in this place.
 D = Time resting spent in this place.
 E = Time spent auto-exploring this place.
 F = Levels seen in this place.
 G = Mean time per level.
                   A        B        C        D        E       F      G
               +--------+--------+--------+--------+--------+-----+--------+
         Total |   1382 |   1214 |    168 |    199 |    413 |   2 |  691.0 |
       Dungeon |   1382 |   1214 |    168 |    199 |    413 |   2 |  691.0 |
               +--------+--------+--------+--------+--------+-----+--------+

Top non-repeatable levels by time:
     D:1: 890 daAuts
     D:2: 492 daAuts
